 Dungeon Crawl Stone Soup version 0.28.0 (webtiles) character file.

Game seed: 1553903158541981487

44 Findor the Bolt Thrower (level 3, 0/21 HPs)
             Began as a Kobold Hunter on Feb 14, 2022.
             Slain by a gnoll (5 damage)
             ... on level 2 of the Dungeon.
             The game lasted 00:02:22 (2060 turns).

Findor the Bolt Thrower (Kobold Hunter)             Turns: 2060, Time: 00:02:22

Health: 0/21       AC:  9    Str: 11    XL:     3   Next: 87%
Magic:  3/3        EV:  7    Int: 12    God:
Gold:   108        SH:  0    Dex: 15    Spells: 2/2 levels left

rFire   . . .      SeeInvis .   a - +1 hand crossbow
rCold   . . .      Faith    .   (no shield)
rNeg    . . .      Spirit   .   l - +0 chain mail
rPois   .          Reflect  .   g - +0 helmet
rElec   .          Harm     .   (no cloak)
rCorr   .          Rampage  .   (no gloves)
Will    .....                   (no boots)
Stlth   ..........              (no amulet)
HPRegen 0.07/turn               (no ring)
MPRegen 0.08/turn               (no ring)

@: no status effects
A: small, no large weapons, nightstalker 3
a: no special abilities


You were on level 2 of the Dungeon.
You visited 1 branch of the dungeon, and saw 2 of its levels.

You collected 108 gold pieces.


Innate Abilities, Weirdness & Mutations

You are small and have problems with some larger weapons.
You are completely attuned to the shadows.


   Skills:
 - Level 2.1 Fighting
 * Level 2.9 Short Blades
 + Level 5.2 Crossbows
 - Level 2.4 Dodging
 + Level 2.5 Stealth


You had 2 spell levels left.
You didn't know any spells.
Your spell library was empty.

Inventory:

Hand Weapons
 a - a +1 hand crossbow (weapon)
 b - a +2 short sword of speed
   (You found it on level 2 of the Dungeon)
Missiles
 d - 6 bolts (quivered ammo)
Armour
 g - a +0 helmet (worn)
   (You found it on level 1 of the Dungeon)
 l - a +0 chain mail (worn)
   (You found it on level 2 of the Dungeon)
Scrolls
 c - a scroll of enchant armour {unknown}
Potions
 e - 2 potions of curing {unknown}
 f - a potion of magic {unknown}
 i - a potion of ambrosia {unknown}
 j - a potion of resistance {unknown}


Message History

You shoot a bolt. The bolt hits the kobold!
You kill the kobold!
Your hands tingle!
b - a +2 short sword of speed (weapon)
Found 11 gold pieces.
The quokka bites you but does no damage.
You hit the quokka but do no damage. The quokka bites you.
You miss the quokka. You hit the quokka but do no damage.
The quokka closely misses you.
You barely miss the quokka.
The quokka bites you but does no damage.
You hit the quokka. The quokka bites you.
You hit the quokka. The quokka barely misses you.
You hit the quokka. You barely miss the quokka.
The quokka bites you but does no damage.
You hit the quokka.
You kill the quokka!
No target in view!
No target in view!
No target in view!
No target in view!
No target in view!
A gnoll comes into view. It is wielding a +1 vorpal spear.
A gnoll is nearby!
A gnoll is nearby!
a - a +1 hand crossbow (weapon)
The gnoll shouts!
You shoot a bolt. The bolt hits the gnoll!
You shoot a bolt. The bolt completely misses the gnoll.
The gnoll closely misses you.
You shoot a bolt. The bolt hits the gnoll.
The gnoll closely misses you.
You shoot a bolt. The bolt closely misses the gnoll.
The gnoll hits you but does no damage. x2
You shoot a bolt. The bolt barely misses the gnoll.
The gnoll hits you but does no damage.
You shoot a bolt. The bolt hits the gnoll!
You kill the gnoll!
You shoot a bolt. The bolt hits the gnoll.
You shoot a bolt. The bolt closely misses the gnoll.
The gnoll hits you from afar with a +0 halberd.
You shoot a bolt. The bolt hits the gnoll!
The gnoll hits you from afar with a +0 halberd.
The gnoll hits you from afar with a +0 spear.
You shoot a bolt.
The bolt hits the gnoll but does no damage.
The gnoll hits you from afar with a +0 halberd!
* * * LOW HITPOINT WARNING * * *
The gnoll hits you from afar with a +0 spear.
You die...

... ..##†.#
##...## ###
##.### ###<.##
.#.. #...## #...#
#....###....#
##..#
#....##.....(....
#..#
....#......(....
##...
#........gg....
#....
##.#...........
#....
#.##.....@)(..
#....
#.##....##...#
#.... ###†....###
#... #.... !#
#.....#...> $..
#.... ##
#.....##### ..
##### # #.....# #
#.....# #.....#
#.....#


You could see 2 gnolls.

Vanquished Creatures
  A gnoll (D:2)
  A worm (D:2)
  A dart slug (D:1)
  2 endoplasms
  3 giant cockroaches
  5 goblins
  A hobgoblin (D:1)
  2 jackals (D:2)
  A quokka (D:2)
  A ball python (D:2)
  A bat (D:1)
  3 frilled lizards
  3 kobolds
  4 rats
29 creatures vanquished.

Notes
Turn   | Place    | Note
-------+----------+-------------------------------------------
     0 | D:1      | Findor the Kobold Hunter began the quest for the Orb.
     0 | D:1      | Reached XP level 1. HP: 12/12 MP: 1/1
   139 | D:1      | Reached skill level 1 in Short Blades
   465 | D:1      | Reached XP level 2. HP: 17/17 MP: 2/2
   494 | D:1      | Reached skill level 5 in Crossbows
   566 | D:1      | Found a faded altar of an unknown god.
  1612 | D:2      | Reached XP level 3. HP: 21/21 MP: 3/3
  2060 | D:2      | Slain by a gnoll

Levels and vault maps discovered:
D:1:      psy_arrival_fountain, layout_loops_corners,
          hellmonk_ecumenical_altar_run_dry, chequers_serial_rivers_small_3
D:2:      layout_rooms

Action                   || total
-------------------------++-------
Melee: Short sword       ||    78
 Fire: Hand crossbow     ||    23
 Stab: Sleeping          ||     6
Armor: Leather armour    ||     6
       Chain mail        ||    11
Dodge: Dodged            ||    28
